 Dungeon Crawl Stone Soup version 0.30.1-4-g462c640d31 (webtiles) character file.

Game seed: 12637239540991366978

163 Ishowmeat the Chopper (level 5, 0/46 HPs)
             Began as a Minotaur Gladiator on Sept 5, 2023.
             Was an Initiate of Okawaru.
             Slain by Sigmund
             ... wielding a +2 scythe of distortion
              (15 damage)
             ... on level 4 of the Dungeon.
             The game lasted 00:06:50 (2647 turns).

Ishowmeat the Chopper (Minotaur Gladiator)          Turns: 2647, Time: 00:06:51

Health: 0/46       AC:  8    Str: 20    XL:     5   Next: 20%
Magic:  4/4        EV:  9    Int:  5    God:    Okawaru [......]
Gold:   139        SH:  0    Dex: 12    Spells: 4/4 levels left

rFire   . . .        a - +0 war axe
rCold   . . .        (no shield)
rNeg    . . .        t - +0 chain mail
rPois   .            c - +0 hat
rElec   .            (no cloak)
rCorr   .            (no gloves)
SInv    .            (no boots)
Will    .....        (no amulet) Stlth
                     s - ring of flight
HPRegen 0.27/turn    u - ring of wizardry
MPRegen 0.09/turn

%: wizardry (x1)
@: flying
A: horns 2, retaliatory headbutt
a: Renounce Religion


You were on level 4 of the Dungeon.
You worshipped Okawaru.
Okawaru was noncommittal.
You visited 2 branches of the dungeon, and saw 5 of its levels.

You collected 139 gold pieces.

Inventory:

Hand Weapons
 a - a +0 war axe (weapon)
Missiles
 d - 3 throwing nets (quivered)
 e - a javelin
Armour
 b - a +0 leather armour
 c - a +0 hat (worn)
 o - a +0 scale mail
 t - a +0 chain mail (worn)
 v - a +0 pair of gloves
Jewellery
 s - a ring of flight (left hand)
 u - a ring of wizardry (right hand)
Scrolls
 f - 2 scrolls of identify {unknown}
 g - 4 scrolls of blinking {unknown}
 j - a scroll of brand weapon {unknown}
 k - 2 scrolls of teleportation {unknown}
 m - 3 scrolls of noise {unknown}
 n - a scroll of butterflies {unknown}
 q - 2 scrolls of enchant armour {unknown}
 r - a scroll of enchant weapon {unknown}
 w - a scroll of vulnerability {unknown}
Potions
 h - a potion of heal wounds {unknown}
 i - a potion of haste {unknown}
 l - 2 potions of curing {unknown}
 p - 2 potions of attraction {unknown}


   Skills:
 + Level 3.8 Fighting
 + Level 5.6 Axes
 + Level 2.0 Throwing
 + Level 1.7 Armour
 + Level 3.7 Dodging
 + Level 0.4 Stealth


You had 4 spell levels left.
You didn't know any spells.
Your spell library contained the following spells:

 Spells                   Type           Power      Damage    Failure   Level
 Static Discharge         Conj/Air       0%         2-2/arc   92%         2
 Airstrike                Air            0%         2d(0-16)  100%        4
 Summon Lightning Spire   Summ/Air       Unusable   N/A       N/A         4

Dungeon Overview and Level Annotations

Branches:
Dungeon (4/15)             Temple (1/1) D:4

Altars:
Ashenzari
Cheibriados
Dithmenos
Elyvilon
Fedhas
Gozag
Kikubaaqudgha
Makhleb
Nemelex Xobeh
Okawaru
Qazlal
Ru
Sif Muna
Trog
Uskayaw
Wu Jian
Xom
Yredelemnul
The Shining One

Annotations:
D:4 Sigmund


Innate Abilities, Weirdness & Mutations

You have a pair of horns on your head.
You reflexively headbutt those who attack you in melee.


Message History

You slash the endoplasm!
You kill the endoplasm!
Okawaru accepts your kill.
w - a scroll labelled IHURYDE IPEO HP restored.
Found a scale mail.
An adder comes into view.
Found 7 gold pieces.
An adder is nearby!
The adder bites you but does no damage.
You closely miss the adder. Your headbutt misses the adder.
The adder bites you but does no damage. The adder closely misses you.
You barely miss the adder. You headbutt the adder!
The adder is almost dead.
The adder bites you but does no damage.
You slash the adder!
You kill the adder!
Okawaru accepts your kill.
You see here an adder corpse.
You now have 139 gold pieces (gained 7).
You see here an adder corpse.
Sigmund the Dreaded comes into view.
He is wielding a +2 scythe of distortion.
Sigmund barely misses you.
Sigmund hits you with a +2 scythe of distortion.
Space warps around you.
You barely miss Sigmund. You headbutt Sigmund!
Sigmund is moderately wounded.
Sigmund hits you with a +2 scythe of distortion.
Space warps around you.
You closely miss Sigmund.
Sigmund is moderately wounded.
Sigmund hits you with a +2 scythe of distortion!
Space warps around you.
You slash Sigmund!
Sigmund is severely wounded.
You closely miss Sigmund. Your headbutt misses Sigmund.
Sigmund is severely wounded.
Sigmund hits you with a +2 scythe of distortion!
Space warps horribly around you!
You die...

#.# ###.............# #. #.#
#.....#.........# #. #.#
#.#...#.....)...###. #.#
#.#...#............. ##### #.#
#.#...#............. ....# #.#
##.#...##.......#...#
....###.#####..................#.
....#..............#..........#)#
..†...#.#####..#@..<...........#.
....###.# ####@..#..........#.#
....# #.# #...#.....<.....#.
....# #.# ....##.......#...#
....# #.# ##..###.....##.†..
....# #.# ..#....#.####.#. ....#
#.. .....###. #.... ##### .....
#> #..<.. .. #.#......


You could see Sigmund.

Vanquished Creatures
  A hound (D:2)
  An iguana (D:4)
  3 adders
  3 worms
  A dart slug (D:2)
  An orc (D:3)
  A ball python (D:1)
  9 bats
  5 endoplasms
  A giant cockroach (D:2)
  3 goblins
  7 hobgoblins
  10 jackals
  2 quokkas
  2 frilled lizards
  6 kobolds
  9 rats
65 creatures vanquished.

Notes
Turn   | Place    | Note
-------+----------+-------------------------------------------
     0 | D:1      | Ishowmeat the Minotaur Gladiator began the quest for the
                  | Orb.
     0 | D:1      | Reached XP level 1. HP: 18/18 MP: 0/0
   121 | D:1      | Reached skill level 4 in Axes
   129 | D:1      | Reached XP level 2. HP: 23/25 MP: 1/1
   363 | D:1      | Found a faded altar of an unknown god.
   922 | D:2      | Reached XP level 3. HP: 22/30 MP: 2/2
  1020 | D:2      | Reached XP level 4. HP: 33/38 MP: 3/3
  1094 | D:2      | Reached skill level 5 in Axes
  1393 | D:2      | Reached skill level 1 in Armour
  2298 | D:4      | Found a staircase to the Ecumenical Temple.
  2333 | D:4      | Reached XP level 5. HP: 21/45 MP: 4/4
  2354 | Temple   | Entered the Ecumenical Temple
  2464 | Temple   | Became a worshipper of Warmaster Okawaru
  2641 | D:4      | Noticed Sigmund
  2647 | D:4      | Slain by Sigmund

Illustrated notes

Levels and vault maps discovered:
D:1:      dpeg_arrival_more_subterranean_lakeside_camping, layout_basic,
          dreamdust_ecumenical_altar_angels_and_demons, minmay_misc_feat_roman
D:2:      layout_rooms
D:3:      layout_basic, chequers_serial_rivers_room_b
D:4:      layout_rooms, minmay_temple_entry_grid, hangedman_decor_push,
          minmay_fractal_squares_5, uniq_sigmund
Temple:   hellmonk_temple_of_storms

Skill      XL: |  1  2  3  4 |
---------------+-------------+-----
Axes           | 4 5 |  5.6
Fighting       | 3 |  3.8
Armour         | 1 |  1.7
Throwing       | |  2.0
Dodging        | |  3.7
Stealth        | |  0.4

Action                     |  1- 3 |  4- 6 || total
---------------------------+-------+-------++-------
  Melee: War axe           |    52 |    79 ||   131
         Headbutt          |     3 |     9 ||    12
 Armour: Leather armour    |    27 |       ||    27
         Scale mail        |     1 |     3 ||     4
         Chain mail        |       |    38 ||    38
  Dodge: Dodged            |    46 |    38 ||    84
